 Dungeon Sprint DCSS version 0.17-a0-1741-gd5e8965 (webtiles) character file.

1713 Kidiri the Covert (level 8, -10/36 HPs)
             Began as a Spriggan Enchanter on Aug 31, 2015.
             Was a Follower of Dithmenos.
             Shot with an arrow by a centaur warrior (18 damage)
             ... in the Dungeon (Sprint I: "Red Sonja").
             The game lasted 00:03:09 (693 turns).

Kidiri the Covert (Spriggan Enchanter)               Turns: 693, Time: 00:03:09

Health: -10/36     AC:  5    Str:  4    XL:     8   Next: 74%
Magic:  23/23      EV: 29    Int: 17    God:    Dithmenos [*.....]
Gold:   541        SH:  0    Dex: 18    Spells: 5 memorised, 16 levels left

rFire  . . .     SeeInvis +     m - +0 dagger (distort)
rCold  . . .     Clarity  .     o - +2 robe
rNeg   . . .     SustAt   .     (shield restricted)
rPois  .         Gourm    .     (helmet restricted)
rElec  .         Spirit   .     p - +0 cloak
rCorr  .         Warding  .     (gloves unavailable)
rMut   .         NoTele   +     (boots unavailable)
MR     +....                    (no amulet)
Stlth  ++++++++..               (no ring)
                                (no ring)

@: wreathed by umbra, very quick, somewhat resistant to hostile enchantments,
extraordinarily stealthy
A: unfitting armour, see invisible, herbivore 3, speed 3, slow metabolism 2
a: Renounce Religion


You were in the Dungeon.
You worshipped Dithmenos.
Dithmenos was aware of your devotion.
You were not hungry.

You visited 1 branch You collected 631 gold pieces.
You spent 90 gold pieces at shops.

Inventory:

Hand weapons
 a - a +1 dagger
 e - a +0 dagger of freezing
 m - a +0 dagger of distortion (weapon)
Armour
 b - a +1 robe
 k - a +0 robe of positive energy
 n - a +1 robe of magic resistance
 o - a +2 robe (worn)
 p - a +0 cloak (worn)
Scrolls
 j - a scroll of blinking
 l - a scroll of amnesia {unknown}
 q - a scroll of recharging {unknown}
Potions
 c - a potion of might {unknown}
 f - 3 potions of heal wounds
 g - a potion of haste
 h - 2 potions of magic
 i - a potion of berserk rage
Comestibles
 d - a bread ration


   Skills:
 + Level 6.8 Short Blades
 * Level 12.5 Dodging
 * Level 13.7 Stealth
 * Level 10.8 Spellcasting
 + Level 3.8 Conjurations
 + Level 8.3 Hexes
 + Level 4.7 Ice Magic
 + Level 3.8 Invocations


You had 16 spell levels left.
You knew the following spells:

 Your Spells              Type           Power        Failure   Level  Hunger
a - Corona                Hex            #####..      1%          1    None
b - Ensorcelled Hibernat  Hex/Ice        ####..       1%          2    None
c - Confuse               Hex            #####...     1%          3    None
d - Tukima's Dance        Hex            #####...     1%          3    None
e - Dazzling Spray        Conj/Hex       ####....     1%          3    None


Dungeon Overview and Level Annotations

Branches:
Dungeon (1/1)

Altars:
Cheibriados
Dithmenos
Elyvilon
Fedhas
Gozag
Kikubaaqudgha
Makhleb
Nemelex Xobeh
Okawaru
Qazlal
Ru
Sif Muna
Trog
Vehumet
Xom
Yredelemnul
Zin
The Shining One
Jiyva

Shops:
D [}[


Innate Abilities, Weirdness & Mutations

You are tiny and cannot use many weapons and most armour.
You have supernaturally acute eyesight.
You are a herbivore.
You cover ground extremely quickly.
You need consume almost no food.


Message History

You enter the shallow water.
Moving in this stuff is going to be slow.
The centaur warrior shouts!
The centaur warrior wields a shortbow.
The centaur warrior shoots an arrow.
The arrow hits you!
You hear a splash.
The centaur warrior wields a shortbow.
The centaur warrior shoots an arrow.
The arrow hits you!!
Ouch! That really hurt!
* * * LOW HITPOINT WARNING * * *
You hear a splash.
You see here 2 arrows.
There is an open door here.
Unknown command.
Unknown command.
Which direction?
You close the door.
Something unseen opens the door.
The centaur warrior shoots an arrow.
The arrow hits you!!
Ouch! That really hurt!
You die...

.#..'..#..'..#__#..+
.'..#..'..#..+..+..#
.#####+#####'#__####
.####[.#...#.####§§#
.#__####..##[#≈≈§c§#
.#_..__##+#..+§§≈c§+
⌠#_.∩...+..._#§c§§§#
##_..._##_.#+##'###
#_____###'#[#.[@)###
##########.####'###.##
........+...'.....'%∩#
#++++####.).##########
##.## #+#


You could see a centaur warrior.

Vanquished Creatures
  Sonja (D)
  A deep troll (D)
  A slime creature (D)
  Sigmund (D)
  A yak (D)
  An ogre (D)
  Ijyb (D)
  A jelly (D)
8 creatures vanquished.

Vanquished Creatures (others)
  A gargoyle (D)
1 creature vanquished.

Grand Total: 9 creatures vanquished

Notes
Turn   | Place    | Note
--------------------------------------------------------------
     0 | D        | Kidiri the Spriggan Enchanter began the quest for the Orb.
     0 | D        | Reached XP level 1. HP: 9/9 MP: 5/5
     2 | D        | Noticed Ijyb
    25 | D        | Killed Ijyb
    25 | D        | Reached skill level 5 in Dodging
    25 | D        | Reached skill level 6 in Stealth
    25 | D        | Reached XP level 2. HP: 5/13 MP: 4/8
   127 | D        | Killed a gargoyle
   221 | D        | Learned a level 2 spell: Ensorcelled Hibernation
   231 | D        | Noticed an ogre
   233 | D        | Killed an ogre
   233 | D        | Reached skill level 8 in Stealth
   233 | D        | Reached skill level 5 in Spellcasting
   233 | D        | Reached skill level 5 in Hexes
   233 | D        | Reached skill level 1 in Ice Magic
   233 | D        | Reached XP level 3. HP: 16/16 MP: 9/11
   233 | D        | Reached XP level 4. HP: 21/21 MP: 9/12
   247 | D        | Learned a level 3 spell: Confuse
   251 | D        | Learned a level 3 spell: Tukima's Dance
   255 | D        | Learned a level 3 spell: Dazzling Spray
   268 | D        | Noticed Sigmund
   271 | D        | Killed Sigmund
   271 | D        | Reached skill level 9 in Stealth
   271 | D        | Reached skill level 1 in Conjurations
   271 | D        | Reached XP level 5. HP: 24/24 MP: 12/15
   345 | D        | Found a snail-covered altar of Cheibriados.
   345 | D        | Found a viscous altar of Jiyva.
   345 | D        | Found a shadowy altar of Dithmenos.
   345 | D        | Found a blossoming altar of Fedhas.
   345 | D        | Noticed a slime creature
   363 | D        | Killed a slime creature
   363 | D        | Reached skill level 5 in Short Blades
   363 | D        | Reached skill level 10 in Dodging
   363 | D        | Reached skill level 11 in Stealth
   363 | D        | Reached XP level 6. HP: 28/28 MP: 11/18
   365 | D        | Became a worshipper of Dithmenos the Shadowed
   423 | D        | Found a deep blue altar of Sif Muna.
   424 | D        | Noticed a jelly
   425 | D        | Found a radiant altar of Vehumet.
   429 | D        | Killed a jelly
   465 | D        | Found Faujokez's Gadget Emporium.
   465 | D        | Found a white marble altar of Elyvilon.
   465 | D        | Found a stormy altar of Qazlal.
   465 | D        | Found a burning altar of Makhleb.
   465 | D        | Found a sacrificial altar of Ru.
   465 | D        | Found a basalt altar of Yredelemnul.
   465 | D        | Found a glowing golden altar of the Shining One.
   465 | D        | Found a sparkling altar of Nemelex Xobeh.
   465 | D        | Found a shimmering altar of Xom.
   465 | D        | Found an opulent altar of Gozag.
   465 | D        | Found an ancient bone altar of Kikubaaqudgha.
   465 | D        | Found a glowing silver altar of Zin.
   465 | D        | Noticed a yak
   466 | D        | Found an iron altar of Okawaru.
   467 | D        | Killed a yak
   467 | D        | Reached skill level 1 in Invocations
   467 | D        | Reached XP level 7. HP: 32/32 MP: 18/20
   468 | D        | Found a bloodstained altar of Trog.
   480 | D        | Noticed Sonja
   484 | D        | Killed Sonja
   484 | D        | Reached skill level 12 in Stealth
   484 | D        | Reached skill level 10 in Spellcasting
   484 | D        | Reached XP level 8. HP: 36/36 MP: 21/23
   504 | D        | Found Kaqoqiosm's Antique Armour Boutique.
   512 | D        | Bought an embroidered robe for 18 gold pieces
   512 | D        | Bought a glowing robe for 18 gold pieces
   547 | D        | Noticed a deep troll
   551 | D        | Killed a deep troll
   551 | D        | Reached skill level 13 in Stealth
   561 | D        | Found Wadoocs's Armour Emporium.
   568 | D        | Bought a +0 cloak for 54 gold pieces
   689 | D        | Noticed a centaur warrior
   690 | D        | Noticed a centaur warrior
   693 | D        | Shot with an arrow by a centaur warrior

Vault maps used:
D:        dungeon_sprint_1

Action                   |  1- 3 |  4- 6 |  7- 9 || total
-------------------------+-------+-------+-------++-------
Melee: Dagger            |    11 |    11 |     2 ||    24
 Cast: Corona            |     3 |       |       ||     3
       Confuse           |       |     1 |       ||     1
       Ensorcelled Hiber |       |     1 |       ||     1
  Use: Potion            |     1 |       |       ||     1
 Stab: Sleeping          |     2 |     3 |     2 ||     7
       Confused          |       |     2 |       ||     2
